 Dungeon Crawl Stone Soup version 0.22.0-1-g6561e4c (webtiles) character file.

1094 sking99 the Sneak (level 8, -8/41 HPs)
             Began as a Kobold Venom Mage on Aug 12, 2018.
             Was a Follower of Dithmenos.
             Shot with an arrow by a centaur (12 damage)
             ... on level 6 of the Dungeon.
             The game lasted 00:39:16 (7891 turns).

sking99 the Sneak (Kobold Venom Mage)               Turns: 7891, Time: 00:39:17

Health: -8/41      AC:  4    Str:  5    XL:     8   Next: 57%
Magic:  12/14      EV: 15    Int: 19    God:    Dithmenos [*.....]
Gold:   275        SH:  0    Dex: 15    Spells: 5/15 levels left

rFire    + . .     SeeInvis .   t - +1 dagger (speed)
rCold    + . .     Gourm    .   (shield restricted)
rNeg     . . .     Faith    .   u - +0 robe {rC+ rF+}
rPois    .         Spirit   .   (no helmet)
rElec    .         Reflect  .   (no cloak)
rCorr    .         Harm     .   C - +0 pair of gloves
MR       .....                  z - +0 pair of boots (curse)
Stlth    ++++......             (no amulet)
HPRegen  0.13/turn              (no ring)
MPRegen  0.14/turn              (no ring)

@: wreathed by umbra
A: small, carnivore
a: Renounce Religion


You were on level 6 of the Dungeon.
You worshipped Dithmenos.
Dithmenos was aware of your devotion.
You were not hungry.

You visited 1 branch of the dungeon, and saw 6 of its levels.

You collected 275 gold pieces.

Inventory:

Hand Weapons
 g - a +0 dagger
 t - a +1 dagger of speed (weapon)
Armour
 u - a +0 robe of resistance (worn)
 z - a cursed +0 pair of boots (worn)
 C - a +0 pair of gloves (worn)
Jewellery
 o - a cursed ring of teleportation {unknown}
 q - an uncursed ring of ice {unknown}
 y - a cursed ring of attention {unknown}
 B - an uncursed ring of magical power {unknown}
Wands
 n - a wand of flame (38)
 x - a wand of iceblast (3)
Scrolls
 h - 2 scrolls of random uselessness {unknown}
 i - a scroll of remove curse {unknown}
 l - 3 scrolls of teleportation
 m - a scroll of fog
 p - a scroll of fear {unknown}
 r - a scroll of enchant weapon
 v - a scroll of identify
 w - a scroll of enchant armour {unknown}
Potions
 a - a potion of lignification {unknown}
 b - a potion of flight {unknown}
 d - a potion of agility {unknown}
 e - a potion of resistance {unknown}
 f - 2 potions of curing
 j - 3 potions of heal wounds
 k - a potion of mutation
 s - a potion of haste {unknown}
 A - a potion of ambrosia {unknown}
Comestibles
 c - 7 rations


   Skills:
 + Level 3.3 Short Blades
 - Level 2.4 Dodging
 + Level 6.9 Stealth
 - Level 4.0 Spellcasting
 + Level 4.4 Conjurations
 - Level 3.0 Air Magic
 + Level 5.3 Poison Magic


You had 5 spell levels left.
You knew the following spells:

 Your Spells              Type           Power        Failure   Level  Hunger
a - Sting                 Conj/Pois      ###.         1%          1    None
b - Poisonous Vapours     Pois/Air       ###...       3%          2    ##.....
c - Mephitic Cloud        Conj/Pois/Air  ###.....     7%          3    ###....
d - Olgreb's Toxic Radia  Pois           ###.....     16%         4    ####...

Your spell library contained the following spells:

 Spells                   Type           Power        Failure   Level  Hunger
 Venom Bolt               Conj/Pois      ###.......   45%         5    ######.


Dungeon Overview and Level Annotations

Branches:
Dungeon (6/15)             Temple (0/1) D:5

Altars:
Dithmenos
Elyvilon
Fedhas
Makhleb
Nemelex Xobeh
Okawaru
Sif Muna
Yredelemnul

Annotations:
D:4 1 runed door, Tovarisch's ghost, amateur TrMo


Innate Abilities, Weirdness & Mutations

You are small and have problems with some larger weapons.
You are carnivorous and can eat meat at any time.


Message History

The orc throws an exploding tomahawk.
The exploding tomahawk misses you.
The exploding tomahawk explodes!
The bullfrog is engulfed in noxious fumes.
The bullfrog appears confused.
The bullfrog barely misses the orc wizard.
The orc is engulfed in noxious fumes.
The orc appears confused.
You kill the orc!
Dithmenos accepts your kill.
A centaur comes into view.
The orc wizard hits the orc priest but does no damage.
A scorpion comes into view.
The centaur wields a shortbow.
The centaur shoots an arrow.
The arrow hits you!
* * * LOW HITPOINT WARNING * * *
You see here an arrow.
The centaur shoots an arrow.
The arrow hits you.
* * * LOW HITPOINT WARNING * * *
There is a stone staircase leading up here.
You see here an arrow.
The centaur shoots an arrow.
The arrow hits you!
You die...

#....##.....####
#....##.........
+....++.....F...
#....##.........
#....##o.o).....
#......o#'##....
#.......#'##....
+.....(....... .
#.....@.......
#####.........
#...#+#### #...#
#.sc# ##...
#...Y .....


You could see a centaur, a scorpion, an orc priest and an orc.

Vanquished Creatures
  A hungry ghost (D:5)
  Duvessa (D:4)
  A bullfrog (D:4)
  Dowan (D:4)
  2 scorpions (D:4)
  A bullfrog zombie (D:5)
  2 hounds (D:4)
  2 bullfrog skeletons (D:5)
  A centaur skeleton (D:5)
  An orc wizard (D:4)
  Jessica (D:3)
  Ijyb (D:5)
  An iguana (D:5)
  A worker ant (D:4)
  Natasha (thrice) (D:4)
  Terence (D:3)
  A hound zombie (D:5)
  A hound skeleton (D:5)
  A worker ant zombie (D:5)
  8 adders
  An ooze (D:4)
  An adder skeleton (D:5)
  3 worms
  A dart slug (D:1)
  A leopard gecko (D:4)
  17 orcs
  8 giant cockroaches
  8 goblins
  7 hobgoblins
  9 jackals
  A quokka (D:5)
  4 ball pythons
  4 bats
  7 frilled lizards
  8 kobolds
  A leopard gecko zombie (D:4)
  2 quokka zombies (D:5)
  5 rats
120 creatures vanquished.

Vanquished Creatures (others)
  A jackal (D:1)
1 creature vanquished.

Grand Total: 121 creatures vanquished

Notes
Turn   | Place    | Note
-------+----------+-------------------------------------------
     0 | D:1      | sking99 the Kobold Venom Mage began the quest for the Orb.
     0 | D:1      | Reached XP level 1. HP: 10/10 MP: 3/3
   231 | D:1      | Reached skill level 3 in Stealth
   231 | D:1      | Reached XP level 2. HP: 14/15 MP: 0/5
   384 | D:1      | Learned a level 2 spell: Poisonous Vapours
   943 | D:1      | Reached XP level 3. HP: 14/19 MP: 0/6
  1323 | D:1      | Learned a level 3 spell: Mephitic Cloud
  1890 | D:2      | Found a shadowy altar of Dithmenos.
  2067 | D:2      | Found a white marble altar of Elyvilon.
  2330 | D:2      | Reached XP level 4. HP: 24/24 MP: 6/8
  2332 | D:2      | Reached skill level 1 in Air Magic
  2962 | D:3      | Noticed Terence
  3313 | D:3      | Killed Terence
  3313 | D:3      | Reached XP level 5. HP: 18/28 MP: 0/9
  3614 | D:3      | Reached skill level 4 in Stealth
  3904 | D:3      | Found a sparkling altar of Nemelex Xobeh.
  3904 | D:3      | Found a burning altar of Makhleb.
  3905 | D:3      | Found a blossoming altar of Fedhas.
  3923 | D:3      | Noticed Jessica
  3945 | D:3      | Killed Jessica
  4278 | D:4      | Found a runed door.
  4278 | D:4      | Noticed Tovarisch's ghost (amateur TrMo)
  4400 | D:2      | Became a worshipper of Dithmenos the Shadowed
  4451 | D:4      | Noticed Duvessa
  4451 | D:4      | Noticed Dowan
  4489 | D:4      | Reached XP level 6. HP: 29/32 MP: 3/10
  4652 | D:4      | Noticed Natasha
  4656 | D:4      | Killed Natasha
  4699 | D:4      | Noticed Natasha
  4713 | D:4      | Killed Natasha
  4827 | D:4      | Killed Duvessa
  4827 | D:4      | Reached skill level 5 in Stealth
  4827 | D:4      | Reached XP level 7. HP: 36/36 MP: 1/12
  4849 | D:4      | Killed Dowan
  5100 | D:4      | Noticed Natasha
  5110 | D:4      | Killed Natasha
  5574 | D:4      | Found a deep blue altar of Sif Muna.
  5659 | D:4      | Learned a level 4 spell: Olgreb's Toxic Radiance
  5854 | D:4      | Reached skill level 1 in Short Blades
  5924 | D:4      | Found an iron altar of Okawaru.
  5925 | D:4      | Found a basalt altar of Yredelemnul.
  5955 | D:4      | Reached * piety under Dithmenos
  5955 | D:4      | Reached skill level 6 in Stealth
  5955 | D:4      | Reached XP level 8. HP: 37/41 MP: 14/14
  6072 | D:5      | Entered Level 5 of the Dungeon
  6672 | D:5      | Noticed Ijyb
  6685 | D:5      | Killed Ijyb
  7140 | D:5      | Reached skill level 5 in Poison Magic
  7441 | D:5      | Found a staircase to the Ecumenical Temple.
  7891 | D:6      | Shot with an arrow by a centaur

Skill      XL: |  1  2  3  4  5  6  7  8 |
---------------+-------------------------+-----
Stealth        | 3 4 5 6 |  6.9
Air Magic      | 1 2 3 |  3.0
Conjurations   | 2 3 4 |  4.4
Spellcasting   | 3 4 |  4.0
Poison Magic   | 4 5 |  5.3
Short Blades   | 1 3 |  3.3
Dodging        | |  2.4

Action                   |  1- 3 |  4- 6 |  7- 9 || total
-------------------------+-------+-------+-------++-------
Melee: Unarmed           |    70 |       |       ||    70
       Dagger            |     3 |    40 |   322 ||   365
 Cast: Sting             |    57 |    67 |    36 ||   160
       Poisonous Vapours |     7 |    38 |    41 ||    86
       Mephitic Cloud    |       |     4 |     4 ||     8
  Use: Scroll            |       |     4 |     3 ||     7
 Stab: Confused          |       |     1 |     1 ||     2
       Sleeping          |       |       |    11 ||    11
  Eat: Chunk             |    14 |     9 |     9 ||    32
       Ration            |       |       |     2 ||     2
Armor: Robe              |    25 |     2 |    24 ||    51
Dodge: Dodged            |    80 |    31 |   168 ||   279
